 Dungeon Crawl Stone Soup version 0.17-a0-1-g1f4be75 (console) character file.

182 Fusha the Magician (level 5, -4/24 HPs)
             Began as a Spriggan Fire Elementalist on Mar 15, 2015.
             Killed from afar by an orc wizard (6 damage)
             ... with a puff of flame
             ... on level 3 of the Dungeon.
             The game lasted 00:13:13 (2456 turns).

Fusha the Magician (Spriggan Fire Elementalist)     Turns: 2456, Time: 00:13:13

Health: -4/24      AC:  2    Str:  9    XL:     5   Next: 34%
Magic:  13/19      EV: 19    Int: 17    God:
Gold:   94         SH:  0    Dex: 17    Spells: 2 memorised, 11 levels left

rFire  . . .     SeeInvis +     l - +0 dagger (venom)
rCold  . . .     Clarity  +     a - +0 robe
rNeg   . . .     SustAb   .     (shield restricted)
rPois  .         Gourm    .     (helmet restricted)
rElec  .         Spirit   .     (no cloak)
rCorr  .         Warding  .     (gloves unavailable)
rMut   .         Stasis   .     (boots unavailable)
MR     .....                    r - amulet of clarity
Stlth  +++.......               (no ring)
                                f - +5 ring of strength

@: very quick, not resistant to hostile enchantments, fairly stealthy
A: unfitting armour, see invisible, herbivore 3, speed 3, slow metabolism 2
a: no special abilities


You were on level 3 of the Dungeon.
You were not hungry.

You visited 1 branch of the dungeon, and saw 3 of its levels.

You collected 94 gold pieces.

Inventory:

Hand weapons
 l - a +0 dagger of venom (weapon)
Armour
 a - a +0 robe (worn)
Jewellery
 f - a +5 ring of strength (left hand)
 r - an amulet of clarity (around neck)
 u - an uncursed amulet of stasis
Scrolls
 d - a scroll of recharging {unknown}
 g - a scroll of immolation {unknown}
 j - 3 scrolls of identify {unknown}
 k - a scroll of noise {unknown}
 m - 2 scrolls of enchant armour {unknown}
 o - a scroll of random uselessness {unknown}
 p - 3 scrolls of remove curse {unknown}
 q - a scroll of teleportation {unknown}
 w - a scroll of blinking {unknown}
Potions
 e - 2 potions of brilliance {unknown}
 h - a potion of heal wounds {unknown}
 i - a potion of ambrosia {unknown}
 n - a potion of lignification {unknown}
 s - a potion of beneficial mutation {unknown}
 t - a potion of poison {unknown}
 v - a potion of curing {unknown}
Books
 b - a book of Flames

   Spells                             Type                      Level
   a - Flame Tongue                   Conjuration/Fire             1
   b - Throw Flame                    Conjuration/Fire             2
   c - Conjure Flame                  Conjuration/Fire             3
   d - Inner Flame                    Hexes/Fire                   3
   e - Sticky Flame                   Conjuration/Fire             4
   f - Fireball                       Conjuration/Fire             5
Comestibles
 c - 2 bread rations


   Skills:
 + Level 3.5 Dodging
 + Level 3.3 Stealth
 * Level 5.1 Spellcasting
 + Level 1.6 Conjurations
 + Level 3.2 Fire Magic


You had 11 spell levels left.
You knew the following spells:

 Your Spells              Type           Power        Failure   Level  Hunger
a - Flame Tongue          Conj/Fire      ##...        6%          1    None
b - Throw Flame           Conj/Fire      ##....       10%         2    #......


Dungeon Overview and Level Annotations

Branches:
Dungeon (3/15)

Altars:


Innate Abilities, Weirdness & Mutations

You are tiny and cannot use many weapons and most armour.
You have supernaturally acute eyesight.
You are a herbivore.
You cover ground extremely quickly.
You need consume almost no food.


Message History

The puff of flame hits the orc wizard.
The orc wizard is moderately wounded.
The orc wizard glows brightly for a moment.
Casting: Throw Flame
Confirm with . or Enter, or press ? or * to list all spells.
Aiming: Throw Flame
Press: ? - help, Shift-Dir - straight line, f/p - orc wizard
Aim: an orc wizard, wielding a dagger and wearing a robe (moderately wounded, fast)
The puff of flame hits the orc wizard.
The orc wizard is heavily wounded.
The orc wizard gestures at you while chanting.
The puff of flame hits you!
Ouch! That really hurt!
The orc wizard gestures at you while chanting.
The puff of frost hits you!
* * * LOW HITPOINT WARNING * * *
Found a stone staircase leading up.
The orc wizard casts a spell at you. The puff of flame hits you!
You die...

#(# #.# #.#.# #.(# #.#
#.# ..#.# ##(# #####.#
#.# ###.# #†## #.....#
#.# #.#.# #).# #.#####
#.# #<#.# ##.# #.# .
#.#.# #... #.#
#!#.############... #.# #
#................#. #.#
#.#.@..............#. #.#
####.#................#.
#.#
.....o.#.############.#.
##.#
.......#.#.)..........#.
.[.#
......oo#.#.#############
#### ###.#w.......# #
#o#........# ..#....(...#
#.#.#.####


You could see a worm, an orc wizard and 3 orcs.

Vanquished Creatures
  An orc priest (D:3)
  An orc wizard (D:3)
  Jessica (D:2)
  3 adders
  2 giant mites (D:2)
  A worm (D:1)
  4 giant geckos
  An ooze (D:1)
  11 orcs (D:3)
  11 bats
  A giant cockroach (D:1)
  5 goblins (D:1)
  2 hobgoblins
  5 giant newts
  4 kobolds
  2 quokkas (D:3)
  5 rats
60 creatures vanquished.

Notes
Turn   | Place    | Note
--------------------------------------------------------------
     0 | D:1      | Fusha, the Spriggan Fire Elementalist, began the quest for the Orb.
     0 | D:1      | Reached XP level 1. HP: 9/9 MP: 4/4
   257 | D:1      | Reached XP level 2. HP: 13/13 MP: 0/7
   716 | D:1      | Reached skill level 1 in Conjurations
   763 | D:1      | Learned a level 2 spell: Throw Flame
  1043 | D:1      | Reached XP level 3. HP: 16/16 MP: 9/11
  1576 | D:2      | Noticed Jessica
  1588 | D:2      | Killed Jessica
  1588 | D:2      | Reached XP level 4. HP: 15/21 MP: 7/14
  1746 | D:2      | Reached skill level 4 in Spellcasting
  2148 | D:3      | Reached XP level 5. HP: 18/24 MP: 12/18
  2234 | D:3      | Reached skill level 5 in Spellcasting
  2456 | D:3      | Killed from afar by an orc wizard

Action                   |  1- 3 |  4- 6 || total
-------------------------+-------+-------++-------
Melee: Unarmed           |     1 |       ||     1
       Dagger            |     2 |     2 ||     4
 Cast: Flame Tongue      |    63 |    43 ||   106
       Throw Flame       |       |    13 ||    13
 Stab: Sleeping          |     1 |     2 ||     3
